 Dungeon Crawl Stone Soup version 0.29.1-15-g9cfb28693d (webtiles) character file.

Game seed: 12117371654432637782

44 Knyalator the Trooper (level 3, -2/43 HPs)
             Began as a Demonspawn Berserker on Mar 11, 2024.
             Was a Believer of Trog.
             Killed by nerve-wracking pain
             ... invoked by Jessica
              (6 damage)
             ... on level 2 of the Dungeon.
             The game lasted 00:03:55 (2437 turns).

Knyalator the Trooper (Demonspawn Berserker)        Turns: 2437, Time: 00:03:56

Health: -2/43      AC:  2    Str: 16 (17) XL:     3   Next: 39%
Magic:  3/3        EV: 12    Int:  9 (10) God:    Trog [**....]
Gold:   47         SH:  0    Dex: 10 (12) Spells: 2/2 levels left

rFire   . . .      SeeInvis .   a - +0 mace
rCold   . . .      Faith    .   (no shield)
rNeg    . . .      Spirit   .   b - +0 animal skin
rPois   .          Reflect  .   (no helmet)
rElec   .          Harm     .   (no cloak)
rCorr   .          Rampage  .   (no gloves)
Will    .....                   (no boots)
Stlth   ..........              (no amulet)
HPRegen 0.14/turn               (no ring)
MPRegen 0.08/turn               (no ring)

@: berserking, very quick
A: demonic guardian 1, demonic touch 1
a: Renounce Religion, Berserk, Trog's Hand


You were on level 2 of the Dungeon.
You worshipped Trog.
Trog was pleased with you.
You visited 1 branch of the dungeon, and saw 2 of its levels.

You collected 47 gold pieces.

Inventory:

Hand Weapons
 a - a +0 mace (weapon)
Armour
 b - a +0 animal skin (worn)
 f - a scarf of shadows


   Skills:
 + Level 3.4 Fighting
 + Level 3.4 Maces & Flails
 + Level 1.9 Armour
 + Level 2.1 Dodging
 + Level 0.1 Stealth


You had 2 spell levels left.
You didn't know any spells.
Your spell library was empty.

Dungeon Overview and Level Annotations

Branches:
Dungeon (2/15)

Altars:

Annotations:
D:2 Jessica


Innate Abilities, Weirdness & Mutations

A weak demonic guardian rushes to your aid.
Your touch may inflict minor irresistible damage on your foes.


Message History

The giant cockroach is severely wounded.
Terence the Incautious comes into view.
He is wielding a +0 flail.
The giant cockroach bites you but does no damage.
Terence shouts!
You hit the giant cockroach.
You kill the giant cockroach!
Trog accepts your kill. The endoplasm freezes you.
You are frozen.
You barely miss the endoplasm. The endoplasm hits you.
You are too injured to fight recklessly!
You are too injured to fight recklessly!
You are too injured to fight recklessly!
You hit the endoplasm but do no damage. The endoplasm barely misses you.
You hit the endoplasm.
The endoplasm is heavily wounded.
The endoplasm freezes you.
You are frozen.
You hit the endoplasm.
You kill the endoplasm!
Trog accepts your kill.
Jessica mumbles some strange words.
Jessica blinks!
Terence hits you with a +0 flail!
* * * LOW HITPOINT WARNING * * *
A demonic guardian appears!
Jessica shouts, "You are a ghastly nuisance!"
Jessica hits your shadow imp with a +0 club.
A red film seems to cover your vision as you go berserk!
You feel yourself moving faster!
You feel mighty!
Jessica casts a spell.
Jessica blinks!
Terence hits you with a +0 flail.
* * * LOW HITPOINT WARNING * * *
You hit Terence.
Terence is lightly wounded.
You sock Terence!
You touch Terence!
You kill Terence!
Trog accepts your kill. Jessica casts a spell at you.
Pain shoots through your body!
You die...

#. #.#..... .... #.
#......##... #.
#.......... ...##.
'#.........# ...##.
...........# ...##.
........@.. ###....<
.......).# ######.......
#....@.# #............
#...).5###............
#........#.....#......
#......ยง.#............
#.....................
.......#...........###'#
.........#)........###.#
.........##+###.##.#....
.......... #.##.#+#..


You could see Jessica (ally target) and a friendly shadow imp (summoned).

Vanquished Creatures
  Terence (D:2)
  An adder (D:2)
  7 bats
  5 endoplasms
  A giant cockroach (D:2)
  4 goblins
  4 hobgoblins
  3 quokkas (D:1)
  A ball python (D:1)
  2 frilled lizards (D:1)
  2 kobolds (D:1)
  3 rats (D:1)
34 creatures vanquished.

Notes
Turn   | Place    | Note
-------+----------+-------------------------------------------
     0 | D:1      | Knyalator the Demonspawn Berserker began the quest for the
                  | Orb.
     0 | D:1      | Reached XP level 1. HP: 18/18 MP: 1/1
   754 | D:1      | Gained mutation: Your touch may inflict minor irresistible
                  | damage on your foes. [demonic ancestry]
   754 | D:1      | Reached XP level 2. HP: 16/24 MP: 2/2
  1412 | D:1      | Reached ** piety under Trog
  2005 | D:2      | Gained mutation: A weak demonic guardian rushes to your
                  | aid. [demonic ancestry]
  2005 | D:2      | Reached XP level 3. HP: 29/29 MP: 3/3
  2425 | D:2      | Noticed Jessica
  2429 | D:2      | Noticed Terence
  2437 | D:2      | Killed Terence
  2437 | D:2      | Killed from afar by Jessica

Illustrated notes

Levels and vault maps discovered:
D:1:      giann_forest_graveyard, layout_loops_corners, minmay_fountain_box
D:2:      layout_basic, uniq_jessica, uniq_terence, uniq_robin,
          uniq_crazy_yiuf_cottage

Skill      XL: |  1  2 |
---------------+-------+-----
Maces & Flails | 3 |  3.4
Dodging        | 2 |  2.1
Fighting       | |  3.4
Armour         | |  1.9
Stealth        | |  0.1

Action                   || total
-------------------------++-------
Melee: Mace              ||    78
       Touch             ||     5
Invok: Berserk           ||     1
  Use: Potion            ||     5
       Scroll            ||     4
Armor: Animal skin       ||    23
Dodge: Dodged            ||    60
